AoeStats
← wat!

Black Forest

509178067Analyzed
3v3 RM · 7d ago on Sep 25, 2026· 81m 54s· 6 players
Game mode
Random Map
Map size
Normal (6 player)
Population
200
Speed
Normal
Resources
Standard
Victory
Conquest
Starting age
Dark Age
Ending age
Imperial Age
RankedLock teamsTeams togetherTeam positionsShared explorationLock speedFull tech treeHidden civsTurbo modeCheats
Victory
Defeat
🇺🇸 Turks · United States
858
+11
🇧🇷 Britons · Brazil
772
+14
🇪🇸 Dravidians · Spain
760
+15
🇨🇭 Varangians · Switzerland
743
-14
🇨🇭 Hindustanis · Switzerland
734
-13
🇦🇹 Persians · Austria
727
-13
ltsmasher
0:31 Loom
14:10 Feudal Age
14:37 Double-Bit Axe
14:45 Horse Collar
20:26 Castle Age
19:03 Wheelbarrow
20:23 Gold Mining
23:44 Stone Mining
24:30 Gold Shaft Mining
26:00 Heavy Plow
26:41 Man-at-Arms
27:57 Forging
28:18 Bow Saw
27:52 Long Swordsman
30:11 Squires
31:14 Caravan
38:49 Imperial Age
37:27 Fletching
37:42 Scale Mail Armor
38:21 Bloodlines
39:11 Hand Cart
40:19 Conscription
40:57 Heavy Camel Rider
43:19 Two-Handed Swordsman
47:01 Champion
49:25 Hoardings
49:59 Two-Man Saw
50:05 Heavy Scorpion
53:57 Husbandry
54:53 Arson
66:16 Elite Janissary
80:48 Bodkin Arrow
80:56 Padded Archer Armor
81:07 Scale Barding Armor
81:50 Bracer
82:25 Iron Casting
JoseCera
0:53 Loom
16:18 Feudal Age
17:43 Double-Bit Axe
17:40 Horse Collar
23:54 Castle Age
25:25 Fletching
26:00 Stone Mining
26:23 Bow Saw
26:15 Heavy Plow
28:56 Man-at-Arms
30:41 Wheelbarrow
31:31 Caravan
32:10 Hand Cart
32:13 Town Watch
36:09 Imperial Age
34:17 Town Patrol
34:14 Long Swordsman
35:36 Gold Mining
36:43 Elite Elephant Archer
37:37 Squires
38:06 Murder Holes
38:35 Ballistics
39:05 Forging
39:02 Scale Barding Armor
38:53 Bodkin Arrow
40:16 Two-Man Saw
39:05 Two-Handed Swordsman
40:09 Thumb Ring
39:44 Elite Urumi Swordsman
40:41 Champion
41:49 Conscription
45:21 Iron Casting
53:08 Chemistry
51:59 Guard Tower
55:12 Blast Furnace
54:12 Scale Mail Armor
54:33 Chain Barding Armor
54:14 Bracer
54:15 Padded Archer Armor
58:33 Keep
57:44 Arrowslits
61:30 Chain Mail Armor
61:31 Leather Archer Armor
66:57 Wootz Steel
71:18 Plate Mail Armor
71:23 Gambesons
dangoca
0:39 Loom
11:29 Feudal Age
12:04 Double-Bit Axe
19:02 Castle Age
17:16 Horse Collar
19:48 Heavy Plow
31:12 Imperial Age
30:07 Caravan
30:32 Pikeman
32:06 Town Watch
32:56 Wheelbarrow
31:59 Heavy Scorpion
34:40 Town Patrol
34:56 Hand Cart
34:10 Cavalier
34:50 Husbandry
36:03 Gold Mining
36:03 Stone Mining
36:21 Elite Longbowman
38:29 Ballistics
43:51 Onager
46:03 Arson
46:18 Squires
48:20 Coinage
48:31 Halberdier
49:39 Murder Holes
49:34 Heated Shot
52:22 Forging
52:12 Scale Mail Armor
52:17 Scale Barding Armor
52:02 Fletching
52:13 Padded Archer Armor
70:07 Iron Casting
69:48 Chain Mail Armor
69:53 Chain Barding Armor
69:29 Bodkin Arrow
69:49 Leather Archer Armor
30 sheeps
11:33 Feudal Age
13:11 Double-Bit Axe
15:59 Castle Age
13:49 Horse Collar
14:20 Loom
17:48 Heavy Plow
18:02 Bow Saw
23:49 Wheelbarrow
22:59 Town Watch
24:00 Wheelbarrow
23:17 Gold Mining
23:17 Stone Mining
26:01 Hand Cart
25:46 Town Patrol
27:23 Gold Shaft Mining
27:23 Stone Shaft Mining
28:11 Caravan
29:51 Masonry
32:31 Imperial Age
33:07 Guilds
32:21 Onager
33:36 Crop Rotation
34:08 Two-Man Saw
33:53 Architecture
33:35 Scale Barding Armor
33:41 Forging
33:22 Fletching
35:02 Conscription
43:30 Chain Barding Armor
43:45 Iron Casting
46:03 Plate Barding Armor
46:29 Blast Furnace
45:24 Bodkin Arrow
45:29 Scale Mail Armor
44:54 Cavalier
45:44 Bloodlines
45:34 Husbandry
47:13 Savar
48:09 Citadels
47:21 Elite War Elephant
48:37 Hoardings
51:29 Coinage
51:02 Kamandaran
50:33 Sappers
51:08 Devotion
51:43 Theocracy
51:03 Herbal Medicine
51:24 Block Printing
51:20 Fervor
51:25 Careening
51:26 Clinker Construction
51:22 Siphons
50:50 Man-at-Arms
51:16 Gambesons
50:51 Pikeman
51:31 Squires
51:17 Arson
51:25 Heavy Camel Rider
51:25 Light Cavalry
52:28 Elite Skirmisher
52:29 Crossbowman
53:14 Thumb Ring
52:30 Heavy Cavalry Archer
53:35 Parthian Tactics
52:36 Hussar
53:38 Faith
53:19 Fishing Lines
53:49 Medium Warships
53:00 Demolition Ship
55:29 Chain Mail Armor
55:14 Padded Archer Armor
56:55 Plate Mail Armor
55:46 Long Swordsman
55:47 Halberdier
57:50 Heavy Demolition Ship
58:55 Heavy Warships
58:21 Gillnets
58:53 Dry Dock
58:28 Murder Holes
58:54 Carvel Hull
58:45 Incendiaries
58:25 Guard Tower
59:36 Chemistry
58:56 Ballistics
58:26 Heated Shot
58:53 Leather Archer Armor
58:07 Capped Ram
58:08 Heavy Scorpion
60:37 Banking
59:35 Siege Ram
64:01 Elite Cannon Galleon
65:31 Ring Archer Armor
66:01 Spies/Treason
Profis
1:19 Loom
12:01 Feudal Age
15:44 Castle Age
14:11 Horse Collar
14:23 Double-Bit Axe
17:43 Heavy Plow
24:18 Wheelbarrow
23:29 Town Watch
26:26 Bow Saw
26:54 Caravan
28:35 Hand Cart
30:05 Squires
29:53 Arson
29:53 Gambesons
34:47 Imperial Age
32:47 Scale Mail Armor
32:58 Forging
33:13 Vendel Legacy
34:28 Chain Mail Armor
35:14 Iron Casting
34:45 Scale Barding Armor
34:30 Fletching
36:13 Plate Mail Armor
35:11 Capped Ram
35:59 Elite Varangian Guard
36:11 Siege Ram
36:23 Gothikon
38:56 Chain Barding Armor
38:33 Bodkin Arrow
42:43 Blast Furnace
42:18 Plate Barding Armor
41:44 Bracer
41:08 Elite Jarl
42:08 Conscription
46:16 Onager
46:21 Heavy Scorpion
47:19 Husbandry
47:30 Bloodlines
57:43 Two-Man Saw
58:59 Onager
66:34 Siege Engineers
66:50 Ballistics
67:30 Chemistry
66:42 Fortified Wall
75:57 Town Patrol
wat!
1:05 Loom
13:53 Feudal Age
17:42 Castle Age
15:54 Horse Collar
16:07 Double-Bit Axe
23:25 Bow Saw
23:19 Heavy Plow
27:56 Town Watch
28:30 Stone Mining
28:32 Gold Mining
30:05 Wheelbarrow
29:59 Caravan
33:16 Imperial Age
31:19 Grand Trunk Road
36:10 Hand Cart
35:55 Town Patrol
39:15 Stone Shaft Mining
39:15 Gold Shaft Mining
40:56 Scale Barding Armor
41:01 Forging
41:59 Shatagni
43:22 Two-Man Saw
43:04 Chain Barding Armor
43:20 Iron Casting
43:48 Conscription
44:04 Hoardings
45:07 Husbandry
45:17 Bloodlines
44:30 Heavy Camel Rider
48:25 Imperial Camel Rider
54:05 Plate Barding Armor
54:30 Blast Furnace
53:32 Scale Mail Armor
53:23 Fletching
53:33 Padded Archer Armor
52:56 Elite Ghulam
55:49 Onager
55:49 Siege Elephant
64:22 Chain Mail Armor
64:02 Bodkin Arrow
64:16 Siege Engineers
65:12 Chemistry
64:33 Ballistics
64:23 Fortified Wall
64:08 Murder Holes
65:43 Heavy Cavalry Archer
65:43 Elite Skirmisher
65:44 Crossbowman
66:29 Thumb Ring
65:47 Light Cavalry
66:43 Masonry
67:06 Coinage
66:55 Leather Archer Armor
66:40 Bracer
68:31 Hussar
68:38 Pikeman
69:18 Squires
69:03 Arson
68:38 Man-at-Arms
69:53 Banking
69:15 Guard Tower
69:36 Clinker Construction
69:36 Careening
70:23 Ring Archer Armor
73:17 Long Swordsman
74:26 Carvel Hull
75:31 Elite Cannon Galleon
75:31 Demolition Ship
76:22 Medium Warships
75:52 Fishing Lines
77:37 Two-Handed Swordsman
78:59 Heavy Warships
78:24 Gillnets
Connection lost

Rejoining the realm…

Still unreachable

The connection could not be restored.

Session expired

The server has moved on; the page needs a fresh start.